 Dungeon Crawl Stone Soup version 0.21-a0-582-g1b93aee (webtiles) character file.

3115 Gaball the Spear-Bearer (level 9, -17/53 (54) HPs)
             Began as a Demonspawn Hunter on Dec 19, 2017.
             Splashed by an orc priest's acid (19 damage)
             ... on level 7 of the Dungeon.
             The game lasted 00:18:03 (5734 turns).

Gaball the Spear-Bearer (Demonspawn Hunter)         Turns: 5734, Time: 00:18:03

HP:   -17/53 (54)   AC: -3    Str: 11    XL:     9   Next: 60%
MP:   0/9           EV: 12    Int: 14    God:    Xom [...*..]
Gold: 119           SH:  0    Dex: 15    Spells: 8/8 levels left

rFire    . . .     SeeInvis .   a - +1 hand crossbow
rCold    . . .     Gourm    .   (no shield)
rNeg     . . .     Faith    .   c - +0 leather armour
rPois    .         Spirit   +   (helmet unavailable)
rElec    .         Reflect  .   q - +1 cloak
rCorr    .         Harm     .   v - +0 pair of gloves
MR       .....                  (no boots)
Stlth    +.........             (no amulet)
HPRegen  0.17/turn              (no ring)
MPRegen  0.11/turn              (no ring)

@: corroded
A: beak, horns 3, deformed body, frail 1, spiny 1, weak 1, magic shield
a: Renounce Religion


You were on level 7 of the Dungeon.
You worshipped Xom.
You were a favourite toy of Xom.
You were not hungry.

You visited 1 branch of the dungeon, and saw 7 of its levels.

You collected 323 gold pieces.
You spent 204 gold pieces at shops.

Inventory:

Hand Weapons
 a - a +1 hand crossbow (weapon)
 b - a +0 short sword
 g - a +3 quarterstaff of chaos
 n - a +0 whip
 t - a +0 halberd of distortion
 E - a +0 vampiric trident
Missiles
 d - a throwing net
 o - 45 bolts (quivered)
Armour
 c - a +0 leather armour (worn)
 q - a +1 cloak (worn)
 v - a +0 pair of gloves (worn)
Wands
 r - a wand of flame (20)
 D - a wand of iceblast (12)
 H - a wand of random effects (35)
Scrolls
 h - a scroll of fear
 i - 4 scrolls of amnesia
 k - a scroll of noise {unknown}
 l - 2 scrolls of identify
 m - 6 scrolls of remove curse
 p - a scroll of enchant weapon {unknown}
 s - a scroll of fog
 C - 3 scrolls of teleportation
Potions
 e - 2 potions of heal wounds
 j - 2 potions of agility
 u - a potion of mutation
 w - a potion of magic
 z - 3 potions of curing
 A - a potion of degeneration
 B - a potion of might {unknown}
 G - a potion of invisibility {unknown}
Books
 x - a book of Cantrips

   Spells                             Type                      Level
   a - Confusing Touch                Hexes                        1
   b - Animate Skeleton               Necromancy                   1
   c - Summon Small Mammal            Summoning                    1
   d - Apportation                    Translocation                1
 F - a book of Misfortune

   Spells                             Type                      Level
   a - Confusing Touch                Hexes                        1
   b - Confuse                        Hexes                        3
   c - Gell's Gravitas                Translocation                3
   d - Petrify                        Transmutation/Earth          4
   e - Metabolic Englaciation         Hexes/Ice                    5
   f - Yara's Violent Unravelling     Hexes/Transmutation          5
Comestibles
 f - 16 rations


   Skills:
 - Level 2.3 Fighting
 - Level 1.7 Short Blades
 + Level 9.1(9.2) Polearms
 - Level 1.8(6.0) Staves
 + Level 8.3 Crossbows
 - Level 0.2 Throwing
 - Level 1.8 Armour
 - Level 1.7 Dodging
 - Level 0.8 Stealth


You had 8 spell levels left.
You didn't know any spells.

Dungeon Overview and Level Annotations

Branches:
Dungeon (7/15)             Temple (0/1) D:5

Altars:
Ashenzari
Cheibriados
Dithmenos
Fedhas
Hepliaklqana
Qazlal
Uskayaw
Wu Jian
Xom
Yredelemnul
Zin

Shops:
D:5 ?%*

Annotations:
D:6 2 transporters


Innate Abilities, Weirdness & Mutations

You have a pair of large horns on your head.
You are partially covered in sharp spines.
When hurt, damage is shared between your health and your magic reserves.
You have a beak for a mouth.
Armour fits poorly on your strangely shaped body.
You are frail. (-10% HP)
You are weak. (Str -2)


Message History

Press: ? - help, Shift-Dir - straight line, f/p - orc priest
Aim: an orc priest, wielding a club, wearing a plate armour and carrying a wand of acid (9) (lightly wounded)
You shoot a bolt.
The bolt hits the orc priest but does no damage.
The orc priest is lightly wounded. "This might be better!"
The orc evaporates and reforms as a rat!
The orc priest mumbles some strange prayers to Beogh against you.
Pain shoots through your body!
* * * LOW HITPOINT WARNING * * *
An orc priest comes into view. It is wielding a falchion.
Things that are here:
a giant club; an ogre corpse
Things that are here:
an arrow; a leopard gecko corpse The orc priest zaps a wand.
The bolt of acid hits you!
* * * LOW HITPOINT WARNING * * *
The acid corrodes you!
You are splashed with acid!
The acid burns!
You die...
Xom cackles wildly!

###
#(################
#.................
#.################
#@# #(# #######)##
.......)(#
.......(...#
.........o.#
.......(.(.o.
.......(...(...
######.(....o..


You could see an orc priest.

Vanquished Creatures
  Pikel (D:5)
  The ghost of Ketzopolo the Firebug, a novice DEFE of Vehumet (D:5)
  Grinder (D:3)
  Menkaure (D:5)
  Duvessa (D:4)
  An ice beast (D:6)
  2 slaves (D:5)
  4 necrophages (D:6)
  2 ogres
  2 centaurs
  Blork the orc (D:4)
  2 bullfrogs
  A gnoll sergeant (D:6)
  Dowan (D:4)
  4 scorpions
  A howler monkey (D:4)
  A crimson imp (D:2)
  4 hounds
  Crazy Yiuf (D:3)
  3 iguanas
  Jessica (D:3)
  An orc wizard (D:7)
  3 worker ants
  A killer bee zombie (D:6)
  A hound zombie (D:7)
  2 howler monkey zombies (D:6)
  3 adders
  8 gnolls (D:2)
  4 shadow imps
  An adder zombie (D:5)
  3 worms
  2 dart slugs
  5 leopard geckos
  12 orcs
  4 bats
  2 giant cockroaches
  9 goblins
  2 hobgoblins
  20 jackals
  7 kobolds
  2 quokkas (D:2)
  3 ball pythons
  A frilled lizard (D:4)
  2 jackal skeletons
  A jackal zombie (D:7)
  A leopard gecko zombie (D:6)
  A quokka skeleton (D:7)
  A quokka zombie (D:6)
  3 rats
  A spectral orc (D:3)
  A bush (D:6)
143 creatures vanquished.

Vanquished Creatures (collateral kills)
  A centaur skeleton (D:6)
  A gnoll (D:6)
2 creatures vanquished.

Vanquished Creatures (others)
  A slave (D:5)
  A worker ant zombie (D:6)
  A gnoll (D:6)
  A giant cockroach (D:5)
  4 plants
8 creatures vanquished.

Grand Total: 153 creatures vanquished

Notes
Turn   | Place    | Note
-------+----------+-------------------------------------------
     0 | D:1      | Gaball the Demonspawn Hunter began the quest for the Orb.
     0 | D:1      | Reached XP level 1. HP: 16/16 MP: 1/1
   299 | D:1      | Gained mutation: You have a pair of small horns on your head. [demonic ancestry]
   299 | D:1      | Reached XP level 2. HP: 15/22 MP: 2/2
   743 | D:2      | Gained mutation: You have a pair of horns on your head. [demonic ancestry]
   743 | D:2      | Reached XP level 3. HP: 27/27 MP: 3/3
  1082 | D:2      | Reached skill level 5 in Crossbows
  1087 | D:2      | Gained mutation: You are partially covered in sharp spines. [demonic ancestry]
  1087 | D:2      | Reached XP level 4. HP: 32/33 MP: 4/4
  1183 | D:2      | Reached skill level 1 in Armour
  1198 | D:2      | Gained mutation: You have a pair of large horns on your head. [demonic ancestry]
  1198 | D:2      | Reached XP level 5. HP: 20/38 MP: 5/5
  1565 | D:3      | Noticed Grinder
  1612 | D:3      | Killed Grinder
  1612 | D:3      | Reached skill level 1 in Short Blades
  1612 | D:3      | Reached XP level 6. HP: 10/44 MP: 6/6
  1953 | D:3      | Noticed Jessica
  1984 | D:3      | Killed Jessica
  2082 | D:3      | Found a basalt altar of Yredelemnul.
  2339 | D:3      | Found a runed door.
  2343 | D:3      | Noticed Crazy Yiuf
  2351 | D:3      | Killed Crazy Yiuf
  2510 | D:4      | Noticed Blork the orc
  2517 | D:4      | Reached skill level 1 in Staves
  2523 | D:4      | Killed Blork the orc
  2523 | D:4      | Gained mutation: When hurt, damage is shared between your health and your magic reserves. [demonic ancestry]
  2523 | D:4      | Reached XP level 7. HP: 25/50 MP: 7/7
  2570 | D:4      | Noticed Duvessa
  2688 | D:4      | Noticed Dowan
  2699 | D:4      | Killed Duvessa
  2699 | D:4      | Reached skill level 1 in Polearms
  2708 | D:4      | Killed Dowan
  2708 | D:4      | Reached skill level 2 in Polearms
  2792 | D:4      | Found a hazy altar of Hepliaklqana.
  2792 | D:4      | Found a glowing silver altar of Zin.
  2793 | D:4      | Found a shimmering altar of Xom.
  2883 | D:4      | Became a worshipper of Xom of Chaos
  3284 | D:5      | Entered Level 5 of the Dungeon
  3298 | D:5      | XOM: divination: detect items
  3325 | D:5      | Noticed Ketzopolo's ghost (novice DEFE)
  3330 | D:5      | XOM: swap monsters
  3333 | D:5      | Killed Ketzopolo's ghost
  3333 | D:5      | Reached skill level 3 in Polearms
  3333 | D:5      | Reached XP level 8. HP: 33/56 MP: 5/8
  3395 | D:5      | Found a staircase to the Ecumenical Temple.
  3416 | D:5      | Noticed Menkaure
  3466 | D:5      | XOM: give mutations
  3466 | D:5      | Gained mutation: You are frail. (-10% HP) [Xom's mischief]
  3466 | D:5      | Gained mutation: Armour fits poorly on your strangely shaped body. [Xom's mischief]
  3466 | D:5      | Gained mutation: You have a beak for a mouth. [Xom's mischief]
  3466 | D:5      | Gained mutation: You are weak. (Str -2) [Xom's mischief]
  3472 | D:5      | Reached skill level 4 in Polearms
  3624 | D:5      | Noticed Pikel
  3637 | D:5      | XOM: summons friendly ufetubus
  3670 | D:5      | XOM: confuse monster(s)
  3672 | D:5      | Killed Pikel
  3672 | D:5      | Reached skill level 5 in Polearms
  3745 | D:5      | XOM: divination: detect creatures
  3765 | D:5      | Found a shattered altar of Ashenzari.
  3768 | D:5      | Found a snail-covered altar of Cheibriados.
  3771 | D:5      | Found a stormy altar of Qazlal.
  3774 | D:5      | Found a hide-covered altar of Uskayaw.
  3806 | D:5      | Found Eptadu's Assorted Antiques.
  3814 | D:5      | Bought a scroll labeled VANOAR KAITEHO for 24 gold pieces
  3814 | D:5      | Bought a scroll labeled VANOAR KAITEHO for 24 gold pieces
  4013 | D:5      | XOM: mild Necr miscast
  4072 | D:5      | Killed Menkaure
  4072 | D:5      | Reached skill level 6 in Polearms
  4092 | D:5      | HP: 1/50 [centaur/arrow (9)]
  4121 | D:5      | Found Pyere's Magic Scroll Emporium.
  4126 | D:5      | Bought a scroll of teleportation for 39 gold pieces
  4126 | D:5      | Bought a scroll of remove curse for 39 gold pieces
  4126 | D:5      | Bought a scroll of teleportation for 39 gold pieces
  4126 | D:5      | Bought a scroll of teleportation for 39 gold pieces
  4200 | D:5      | Found Liurej's Food Boutique.
  4373 | D:6      | XOM: cast spell 'Call Canine Familiar'
  4459 | D:6      | Reached XP level 9. HP: 52/54 MP: 9/9
  4491 | D:6      | Reached skill level 7 in Polearms
  4527 | D:6      | XOM: summons 2 friendly demons
  4617 | D:6      | XOM: god gift: potion of heal wounds
  4648 | D:6      | XOM: polymorph crimson imp -> shadow imp
  4664 | D:6      | Found a shadowy altar of Dithmenos.
  4720 | D:6      | Found a blossoming altar of Fedhas.
  4760 | D:6      | Found a transporter.
  4764 | D:6      | Found a transporter.
  4765 | D:6      | Noticed a tengu conjurer
  4773 | D:6      | Found an ornate altar of the Wu Jian Council.
  4861 | D:6      | Noticed Edmund
  4861 | D:6      | Noticed Edmund
  4861 | D:6      | Edmund changed into Edmund the worker ant
  4861 | D:6      | XOM: polymorph Edmund -> Edmund the worker ant
  4866 | D:6      | Killed Edmund the worker ant
  5100 | D:6      | XOM: divination: detect creatures
  5109 | D:6      | XOM: divination: detect items
  5167 | D:6      | Reached skill level 8 in Polearms
  5491 | D:7      | XOM: scenery: create altars
  5495 | D:7      | Found a shattered altar of Ashenzari.
  5499 | D:7      | Saw a vision of the Swamp and the Snake Pit.
  5499 | D:7      | Noticed an alligator
  5499 | D:7      | Noticed a salamander
  5499 | D:7      | Noticed a black mamba
  5499 | D:7      | Noticed a black mamba
  5499 | D:7      | Noticed a mana viper
  5500 | D:7      | Noticed a naga warrior
  5710 | D:7      | Reached skill level 9 in Polearms
  5731 | D:7      | XOM: polymorph orc -> rat
  5734 | D:7      | HP: 2/53 [orc priest/wand of acid (9) (12)]
  5734 | D:7      | Splashed by an orc priest's acid

Vault maps used:
D:1:      dpeg_arrival_leaves_temple_mockup
D:2:      first_ration
D:3:      yredelemnul_forgotten_temple_becter, uniq_jessica, uniq_grinder,
          uniq_crazy_yiuf_cottage
D:4:      gammafunk_temple_overflow_claw, uniq_blork_the_orc, uniq_duvessa
D:5:      grunt_temple_overflow_cloverleaf,
          minmay_temple_entry_statues_fountains, serial_shops,
          kennysheep_little_box, shop, kennysheep_mini_moat, uniq_pikel,
          uniq_menkaure
D:6:      fedhas_altar_decomposition, gammafunk_temple_overflow_arena,
          nicolae_dithmenos_shadow_blocks, uniq_edmund
D:7:      overflow_temple_1_default, grunt_ashenzari_visionary

Skill      XL: |  1  2  3  4  5  6  7  8  9 |
---------------+----------------------------+-----
Crossbows      | 4 5 6 7 8 |  8.3
Armour         | 1 |  1.8
Short Blades   | 1 |  1.7
Staves         | 1 |  1.8
Polearms       | 3 6 9 |  9.1
Fighting       | |  2.3
Throwing       | |  0.2
Dodging        | |  1.7
Stealth        | |  0.8

Action                   |  1- 3 |  4- 6 |  7- 9 || total
-------------------------+-------+-------+-------++-------
Melee: Short sword       |     5 |    44 |       ||    49
       Headbutt          |     1 |    11 |    36 ||    48
       Quarterstaff      |       |    16 |       ||    16
       Whip              |       |     6 |       ||     6
       Halberd           |       |       |   206 ||   206
       Peck              |       |       |    37 ||    37
       Trident           |       |       |    24 ||    24
 Fire: Hand crossbow     |    89 |    46 |    36 ||   171
Throw: Throwing net      |       |     5 |       ||     5
Evoke: Wand              |       |       |     5 ||     5
  Use: Potion            |       |     3 |     3 ||     6
       Scroll            |       |       |     8 ||     8
 Stab: Sleeping          |       |     1 |     1 ||     2
       Confused          |       |       |     1 ||     1
       Distracted        |       |       |     2 ||     2
  Eat: Chunk             |       |     4 |    10 ||    14
       Ration            |       |       |     2 ||     2
Armor: Leather armour    |    13 |    11 |    25 ||    49
       Skin              |       |     6 |       ||     6
Dodge: Dodged            |    30 |    35 |    82 ||   147

Table legend:
 A = Spawn XP
 B = Non-spawn XP
 C = Spawn XP percentage of total XP
 D = Spawn monster count
 E = Non-spawn monster count
 F = Spawn count percentage of total count
 G = Total turns spent on level
                    A         B        C        D         E        F      G
               +---------+---------+-------+---------+---------+-------+---------
         Total |       0 |    4450 |   0.0 |       0 |     145 |   0.0 |  5734
               +---------+---------+-------+---------+---------+-------+---------
           D:1 |       0 |      24 |   0.0 |       0 |      15 |   0.0 |   734
           D:2 |       0 |     235 |   0.0 |       0 |      33 |   0.0 |   755
           D:3 |       0 |     366 |   0.0 |       0 |      17 |   0.0 |   940
           D:4 |       0 |     494 |   0.0 |       0 |      10 |   0.0 |   855
           D:5 |       0 |    1559 |   0.0 |       0 |      25 |   0.0 |  1035
           D:6 |       0 |    1106 |   0.0 |       0 |      27 |   0.0 |   883
           D:7 |       0 |     666 |   0.0 |       0 |      18 |   0.0 |   532
               +---------+---------+-------+---------+---------+-------+---------
